 Dungeon Crawl Stone Soup version 0.28-a0-1485-g077359a4bf (webtiles) character file.

Game seed: 13827532303112678957

5747 Ajdolov the Grappler (level 10, -5/70 HPs)
             Began as a Troll Hunter on Jan 11, 2022.
             Was a Plaything of Xom.
             Slain by Grum (15 damage)
             ... on level 10 of the Dungeon.
             The game lasted 00:18:01 (7181 turns).

Ajdolov the Grappler (Troll Hunter)                 Turns: 7181, Time: 00:18:01

Health: -5/70      AC: 11    Str: 22    XL:     10   Next: 49%
Magic:  18/18      EV: 12    Int:  9    God:    Xom [....*.]
Gold:   146        SH:  0    Dex: 14    Spells: 9/9 levels left

rFire   . . .      SeeInvis .     - Unarmed
rCold   . . .      Faith    .   (no shield)
rNeg    . . .      Spirit   .   l - +2 robe of the Gate {rC- MP+9 Int+2 Dex+4}
rPois   .          Reflect  .   (helmet restricted)
rElec   .          Harm     .   w - +0 cloak
rCorr   .          Rampage  .   (gloves unavailable)
Will    .....      Clarity  +   (boots unavailable)
Stlth   +.........              (no amulet)
HPRegen 1.01/turn               r - +4 ring of protection
MPRegen 0.16/turn               (no ring)

@: hasted, very quick
A: large, unfitting armour, claws 3, regeneration 1, shaggy fur 1, tough skin 1,
clarity, clumsy 2, cold resistance 1, frail 3
a: Renounce Religion


You were on level 10 of the Dungeon.
You worshipped Xom.
You were a beloved toy of Xom.
You visited 1 branch of the dungeon, and saw 10 of its levels.

You collected 438 gold pieces.
You spent 292 gold pieces at shops.

Inventory:

Missiles
 c - 2 large rocks (quivered)
 d - 2 throwing nets
Armour
 l - the +2 robe of the Gate (worn) {rC- MP+9 Int+2 Dex+4}
   (You found it on level 2 of the Dungeon)

   Int:       It affects your intelligence (+2).
   Dex:       It affects your dexterity (+4).
   rC:        It makes you vulnerable to cold.
   MP:        It affects your magic capacity (+9).
 w - a +0 cloak (worn)
Jewellery
 n - an amulet of faith
 r - a +4 ring of protection (left claw)
 x - a ring of magical power
 B - a ring of magical power
Wands
 o - a wand of iceblast (12)
 v - a wand of flame (48)
Scrolls
 a - 2 scrolls of noise {unknown}
 e - 3 scrolls of immolation {unknown}
 g - a scroll of fear {unknown}
 j - 5 scrolls of identify
 k - 6 scrolls of teleportation
 m - a scroll of blinking
 p - a scroll of amnesia {unknown}
 q - a scroll of summoning {unknown}
 y - a scroll of magic mapping {unknown}
 z - a scroll of torment {unknown}
 D - a scroll of enchant armour {unknown}
 E - a scroll of enchant weapon {unknown}
 F - a scroll of fog {unknown}
Potions
 b - a potion of curing
 f - 2 potions of might {unknown}
 h - 3 potions of heal wounds {unknown}
 i - a potion of invisibility {unknown}
 s - 2 potions of degeneration {unknown}
 u - 2 potions of flight {unknown}
Miscellaneous
 t - a phial of floods


   Skills:
 + Level 6.9 Fighting
 + Level 4.4 Throwing
 + Level 5.9 Dodging
 - Level 0.3 Stealth
 * Level 11.4 Unarmed Combat


You had 9 spell levels left.
You didn't know any spells.
Your spell library contained the following spells:

 Spells                   Type           Power      Damage    Failure   Level
 Freeze                   Ice            0%         1d3       38%         1
 Blink                    Tloc           0%         N/A       52%         2
 Lesser Beckoning         Tloc           0%         N/A       77%         3
 Manifold Assault         Tloc           0%         N/A       100%        5
 Metabolic Englaciation   Hex/Ice        0%         N/A       100%        5
 Simulacrum               Ice/Necr       0%         N/A       100%        6
 Ozocubu's Refrigeration  Ice            0%         4d5       100%        7


Dungeon Overview and Level Annotations

Branches:
Dungeon (10/15)            Temple (0/1) D:4
   Lair: D:8-11         Orc: D:9-12

Altars:
Ashenzari
Cheibriados
Dithmenos
Gozag
Kikubaaqudgha
Sif Muna
Xom
Yredelemnul
Zin

Shops:
D:4 *=   D:7 *   D:8 !   D:9 (=

Annotations:
D:10 Grum


Innate Abilities, Weirdness & Mutations

You are too large for most types of armour.
You have claws for hands.
Your natural rate of healing is unusually fast.
You are covered in fur. (AC +1)
You have tough skin. (AC +1)
You possess an exceptional clarity of mind.
You are very clumsy. (Dex -4)
Your flesh is cold resistant. (rC+)
You are extremely frail. (-30% HP)


Message History

* * * LOW HITPOINT WARNING * * *
The wolf barely misses you. Grum barely misses you.
You feel very sick. The wolf barely misses you.
You hear the creaking of a very distant portcullis.
You feel very sick. The wolf closely misses you.
Throw: 4 large rocks
Press: ? - help, Q - select action, (/) - cycle Shift-Dir - straight line, f - Grum
Aim: Grum, wielding a -1 spear of venom and wearing a +0 animal skin (68% to hit)
You throw a large rock. The large rock hits the wolf!
The wolf is moderately wounded.
You feel very sick. The wolf misses you. The wolf barely misses you.
Grum closely misses you. The wolf barely misses you.
Throw: 3 large rocks
Press: ? - help, Q - select action, (/) - cycle Shift-Dir - straight line, f/p - Grum
Aim: Grum, wielding a -1 spear of venom and wearing a +0 animal skin (68% to hit)
You throw a large rock.
The large rock completely misses the wolf.
The large rock hits Grum!
Grum is moderately wounded.
You feel sick. The wolf closely misses you.
Grum hits you from afar with a -1 spear of venom.
* * * LOW HITPOINT WARNING * * *
You are more poisoned.
The wolf closely misses you.
Grum hits you from afar with a -1 spear of venom!
* * * LOW HITPOINT WARNING * * *
The wolf closely misses you.
Okay, then.
You feel better. The wolf misses you. Grum closely misses you.
You feel yourself speed up. The wolf barely misses you.
Grum hits you from afar with a -1 spear of venom!
* * * LOW HITPOINT WARNING * * *
You are lethally poisoned!
The wolf bites you but does no damage.
You feel better. The wolf closely misses you.
Grum hits you from afar with a -1 spear of venom!
You die...

##### #########...#
#.gh@.......#
#.#######...#### ##.##
#.........### #...#
#...........#
#.#.#.##.........#.#
#.##.##.####..>####.#
.!.
......###.#.####.####
###
##.##.....###.....)...
#.#.###.#.#.<....)...


You could see Grum and a wolf.

Vanquished Creatures
  A gargoyle (D:10)
  An unseen horror (D:6)
  Grinder (D:5)
  A wraith (D:7)
  3 wyverns
  A steam dragon (D:8)
  Menkaure (D:5)
  A water moccasin (D:5)
  Duvessa (D:6)
  2 orc warriors
  A black bear (shapeshifter) (D:10)
  An ice beast (D:7)
  A sky beast (D:6)
  A necrophage (D:5)
  3 ogres
  A wolf (D:10)
  3 centaurs
  A wyvern zombie (D:7)
  A bullfrog (D:8)
  A gnoll sergeant (D:5)
  4 scorpions
  Dowan (D:6)
  19 killer bees
  4 howler monkeys
  2 bullfrog zombies
  5 centaur zombies
  A bullfrog skeleton (D:6)
  A jelly (D:5)
  A gnoll shaman (D:6)
  2 orc priests (D:6)
  3 hounds
  Crazy Yiuf (D:6)
  2 iguanas (D:5)
  9 orc wizards
  2 killer bee zombies
  A hound zombie (D:5)
  2 howler monkey zombies (D:7)
  12 gnolls
  11 adders
  2 shadow imps
  A white imp (D:6)
  An ufetubus (D:4)
  A worm (D:2)
  4 dart slugs
  28 orcs
  2 bat zombies (D:8)
  10 endoplasms
  2 giant cockroaches
  18 goblins
  12 hobgoblins
  3 quokkas
  8 ball pythons
  7 bats
  2 frilled lizards
  10 kobolds
  4 rats
  A spectral hobgoblin (D:1)
226 creatures vanquished.

Vanquished Creatures (collateral kills)
  An ogre (D:5)
  A killer bee (D:10)
  2 gnolls (D:4)
  An orc (D:10)
5 creatures vanquished.

Vanquished Creatures (others)
  A fungus (D:6)
1 creature vanquished.

Grand Total: 232 creatures vanquished

Notes
Turn   | Place    | Note
-------+----------+-------------------------------------------
     0 | D:1      | Ajdolov the Troll Hunter began the quest for the Orb.
     0 | D:1      | Reached XP level 1. HP: 19/19 MP: 0/0
    74 | D:1      | Reached skill level 1 in Unarmed Combat
   106 | D:1      | Reached XP level 2. HP: 28/28 MP: 1/1
   188 | D:1      | Found a faded altar of an unknown god.
   211 | D:1      | Prayed at the altar of an unknown god.
   211 | D:1      | Became a worshipper of Xom of Chaos
   357 | D:1      | XOM: silly message
   566 | D:1      | XOM: draining
   721 | D:1      | Reached skill level 2 in Unarmed Combat
   822 | D:2      | XOM: polymorph bat -> rat
   832 | D:2      | Reached XP level 3. HP: 31/34 MP: 2/2
   855 | D:2      | Identified the +2 robe of the Gate {rC- MP+9 Int+2 Dex+4}
  1117 | D:2      | Reached skill level 3 in Unarmed Combat
  1117 | D:2      | Reached XP level 4. HP: 44/44 MP: 3/3
  1130 | D:2      | XOM: noise
  1294 | D:2      | Found a broken altar of Ashenzari.
  1353 | D:2      | XOM: 1-stop teleportation journey
  1823 | D:3      | Reached XP level 5. HP: 50/50 MP: 4/4
  2082 | D:3      | Reached skill level 4 in Unarmed Combat
  2307 | D:3      | XOM: 4-stop teleportation journey
  2495 | D:4      | XOM: silly message
  2496 | D:4      | XOM: repel stairs
  2623 | D:4      | Found Komovufo's General Store.
  2629 | D:4      | Bought a scroll of identify for 26 gold pieces
  2629 | D:4      | Bought a scroll of teleportation for 39 gold pieces
  2629 | D:4      | Bought a scroll of blinking for 97 gold pieces
  2646 | D:4      | Found a staircase to the Ecumenical Temple.
  2681 | D:4      | Found a shimmering blue altar of Sif Muna.
  2690 | D:4      | XOM is BORED!
  2725 | D:4      | Reached XP level 6. HP: 55/61 MP: 5/5
  2737 | D:4      | Reached skill level 5 in Unarmed Combat
  2750 | D:4      | Found Gudeoce's Jewellery Shop.
  2809 | D:4      | XOM: god gift: Fuhol's Compendium of Snow {god gift}
  2810 | D:4      | Got Fuhol's Compendium of Snow {god gift}
  2911 | D:4      | XOM: god gift: wand of iceblast (6)
  3041 | D:4      | XOM: god gift: shortbow {god gift}
  3164 | D:4      | XOM: god gift: scroll labelled NIVOYR IRUGAST {god gift}
  3219 | D:4      | XOM: god gift: staff of air
  3439 | D:4      | XOM: 1-stop teleportation journey
  3566 | D:4      | XOM: give mutations
  3566 | D:4      | Gained mutation: Your flesh is cold resistant. (rC+) [Xom's
                  | grace]
  3566 | D:4      | Gained mutation: You are robust. (+10% HP) [Xom's grace]
  3566 | D:4      | Gained mutation: Your muscles are strong. (Str +2) [Xom's
                  | grace]
  3567 | D:5      | Entered Level 5 of the Dungeon
  3603 | D:5      | XOM: smoke on damage
  3614 | D:5      | Reached XP level 7. HP: 49/74 MP: 6/6
  3654 | D:5      | Reached skill level 6 in Unarmed Combat
  3682 | D:5      | XOM: divination: magic mapping
  3685 | D:5      | XOM: silly message
  3776 | D:5      | XOM: silly message
  3797 | D:5      | Noticed a wyvern
  3798 | D:5      | XOM: summons friendly crimson imp
  3805 | D:5      | Killed a wyvern
  3823 | D:5      | XOM: polymorph crimson imp -> quasit
  3851 | D:5      | Reached skill level 7 in Unarmed Combat
  3874 | D:5      | Reached XP level 8. HP: 82/86 MP: 7/7
  3884 | D:5      | XOM: give mutations
  3884 | D:5      | Lost mutation: You are robust. (+10% HP) [Xom's mischief]
  3884 | D:5      | Gained mutation: You are clumsy. (Dex -2) [Xom's mischief]
  3884 | D:5      | Gained mutation: You are frail. (-10% HP) [Xom's mischief]
  3884 | D:5      | Lost mutation: Your muscles are strong. (Str +2) [Xom's
                  | mischief]
  3892 | D:5      | Found a snail-covered altar of Cheibriados.
  3919 | D:5      | XOM: polymorph quasit -> lemure
  4127 | D:5      | Noticed Menkaure
  4127 | D:5      | XOM: cleaving
  4132 | D:5      | Killed Menkaure
  4135 | D:5      | XOM: smoke on damage
  4181 | D:5      | XOM: god gift: phial of floods
  4204 | D:5      | Noticed Grinder
  4207 | D:5      | Paralysed by Grinder for 2 turns
  4213 | D:5      | Paralysed by Grinder for 6 turns
  4218 | D:5      | XOM: scenery: summon butterflies
  4221 | D:5      | XOM: scenery: summon butterflies
  4224 | D:5      | XOM: enchant monster (good)
  4260 | D:5      | Killed Grinder
  4261 | D:5      | Reached skill level 8 in Unarmed Combat
  4282 | D:5      | Reached skill level 5 in Fighting
  4495 | D:6      | Noticed Dowan
  4506 | D:6      | Noticed Duvessa
  4534 | D:6      | XOM: summons friendly iron imp
  4539 | D:6      | Killed Duvessa
  4540 | D:6      | Reached XP level 9. HP: 30/79 MP: 8/8
  4555 | D:6      | Killed Dowan
  4556 | D:6      | Reached skill level 9 in Unarmed Combat
  4693 | D:6      | XOM: scenery: 2 doors open
  4790 | D:6      | Found a runed translucent door.
  4791 | D:6      | Noticed Crazy Yiuf
  4817 | D:6      | XOM: enchant monster (bad)
  4819 | D:6      | Killed Crazy Yiuf
  4832 | D:6      | Identified the +5 mace "Kerixir" {vorpal, rN+ Int-4 Stlth+}
  5036 | D:6      | Identified the +1 ring mail "Sahownocwi" {Harm rC+ Regen+
                  | Str-4}
  5305 | D:6      | Killed an unseen horror
  5569 | D:7      | Found Gozag's Platinum Reserve.
  5571 | D:7      | Found an opulent altar of Gozag.
  5740 | D:7      | Reached skill level 10 in Unarmed Combat
  5746 | D:7      | XOM: enchant monster (bad)
  5752 | D:7      | Reached skill level 5 in Dodging
  5757 | D:7      | XOM: chaos cloud
  6016 | D:7      | XOM: give mutations
  6016 | D:7      | Gained mutation: You are very clumsy. (Dex -4) [Xom's
                  | mischief]
  6016 | D:7      | Gained mutation: You are very frail. (-20% HP) [Xom's
                  | mischief]
  6057 | D:7      | Found a basalt altar of Yredelemnul.
  6102 | D:7      | Reached XP level 10. HP: 68/80 MP: 9/9
  6128 | D:7      | Found a glowing silver altar of Zin.
  6319 | D:8      | Found Fymoseub's Distillery.
  6371 | D:8      | Found a shadowy altar of Dithmenos.
  6436 | D:8      | XOM: enchant monster (bad)
  6438 | D:8      | XOM: enchant monster (bad)
  6483 | D:8      | Bought a potion of haste for 130 gold pieces
  6630 | D:8      | Reached skill level 11 in Unarmed Combat
  6791 | D:8      | Found an ancient bone altar of Kikubaaqudgha.
  6817 | D:8      | XOM: give mutations
  6817 | D:8      | Gained mutation: You possess an exceptional clarity of
                  | mind. [Xom's mischief]
  6817 | D:8      | Gained mutation: You are extremely frail. (-30% HP) [Xom's
                  | mischief]
  6837 | D:9      | XOM: cast spell 'Leda's Liquefaction'
  6873 | D:9      | Found Eruhix's Weapon Shop.
  6898 | D:9      | You fall into a shaft and drop 1 floor!
  6898 | D:10     | Entered Level 10 of the Dungeon
  6907 | D:9      | Found Sirgh's Jewellery Boutique.
  6984 | D:10     | XOM: summons friendly quasit
  7056 | D:10     | XOM: polymorph quasit -> iron imp
  7065 | D:10     | Noticed Erica
  7067 | D:10     | Erica changed into Erica the shapeshifter
  7067 | D:10     | XOM: polymorph Erica -> Erica the shapeshifter
  7084 | D:10     | Noticed a gargoyle
  7084 | D:10     | XOM: summons 9 friendly demons
  7090 | D:10     | Killed a gargoyle
  7157 | D:10     | Noticed Grum
  7178 | D:10     | HP: 3/70 [Grum (12)]
  7181 | D:10     | Slain by Grum

Illustrated notes

Levels and vault maps discovered:
D:1:      dpeg_arrival_rooms_b, layout_loops_cross,
          dreamdust_ecumenical_altar_drowned_temple, minmay_tetromino_t2
D:2:      cheibrodos_greedy_goblins, layout_basic, basic_altar, minmay_mini_jars
D:3:      layout_basic, amcnicky_mini_corridor_feature
D:4:      layout_basic, nicolae_sif_muna_little_library,
          minmay_temple_entry_large_hall, serial_shops,
          nicolae_shop_advertising_works [nicolae_subvault_shop_adworks],
          nicolae_inconvenience_store, st_stairs_13
D:5:      layout_loops_ring, pf_just_have_faith, uniq_grinder, uniq_menkaure
D:6:      layout_basic, uniq_duvessa, uniq_crazy_yiuf_cottage
D:7:      layout_basic, nicolae_gozag_zags_fifth_avenue,
          nicolae_yredelemnul_corpse_copse, zin_scriptorium
D:8:      layout_basic, lemuel_zombie_altar_kikubaaqudgha, lemuel_round_altar,
          serial_shops, nicolae_shop_window_shopping
D:9:      layout_cave_pods, serial_shops, shop_fountains,
          nicolae_take_the_stairs, shop, nicolae_shop_waterfront,
          kennysheep_potato
D:10:     cheibrodos_breeding_chamber, layout_loops_ring,
          general_overflow_altar, enter_bailey_2, lightli_minifort, uniq_joseph,
          uniq_erica, uniq_grum

Skill      XL: |  1  2  3  4  5  6  7  8  9 10 |
---------------+-------------------------------+-----
Unarmed Combat | 1 2 3 4 5 7 8 10 11 | 11.4
Fighting       | 2 3 4 5 6 |  6.9
Dodging        | 2 4 5 |  5.9
Throwing       | 4 |  4.4
Stealth        | |  0.3

Action                   |  1- 3 |  4- 6 |  7- 9 | 10-12 || total
-------------------------+-------+-------+-------+-------++-------
Melee: Unarmed           |   101 |   206 |   284 |   113 ||   704
       Punch             |     1 |     7 |    14 |     5 ||    27
Throw: Large rock        |       |       |     4 |     3 ||     7
Evoke: Wand              |       |       |       |     5 ||     5
  Use: Potion            |       |       |     1 |     5 ||     6
 Stab: Sleeping          |     2 |     4 |     2 |       ||     8
       Paralysed         |       |       |       |     5 ||     5
Armor: Robe              |    31 |    90 |   107 |    88 ||   316
Dodge: Dodged            |    42 |    90 |   171 |   155 ||   458

Table legend: (Time is in decaauts)
 A = Elapsed time spent in this place.
 B = Non-inter-level travel time spent in this place.
 C = Inter-level travel time spent in this place.
 D = Time resting spent in this place.
 E = Time spent auto-exploring this place.
 F = Levels seen in this place.
 G = Mean time per level.
                   A        B        C        D        E       F      G
               +--------+--------+--------+--------+--------+-----+--------+
         Total |   7096 |   6935 |    161 |    174 |   5246 |  10 |  709.6 |
       Dungeon |   7096 |   6935 |    161 |    174 |   5246 |  10 |  709.6 |
               +--------+--------+--------+--------+--------+-----+--------+

Top non-repeatable levels by time:
     D:6: 1139 daAuts
     D:4: 1085 daAuts
     D:2: 927 daAuts
     D:5: 822 daAuts
     D:3: 792 daAuts
     D:1: 753 daAuts
     D:7: 690 daAuts
     D:8: 539 daAuts
    D:10: 216 daAuts
     D:9: 129 daAuts
